 Dungeon Crawl Stone Soup version 0.27-a0-1579-g97d2440184 (webtiles) character file.

Game seed: 13629003085356020277

76 mandarbmax the Insei (level 4, -2/28 HPs)
             Began as an Octopode Transmuter on July 18, 2021.
             Slain by an ogre (12 damage)
             ... on level 3 of the Dungeon.
             The game lasted 00:03:19 (2701 turns).

mandarbmax the Insei (Octopode Transmuter)          Turns: 2701, Time: 00:03:19

Health: -2/28      AC:  2    Str:  9    XL:     4   Next: 32%
Magic:  2/7        EV: 19    Int: 16    God:
Gold:   173        SH:  0    Dex: 17    Spells: 1/7 levels left

rFire    . . .     SeeInvis .     - Unarmed
rCold    . . .     Faith    .   (shield currently unavailable)
rNeg     . . .     Spirit   .   (helmet currently unavailable)
rPois    x         Reflect  .   (no amulet)
rElec    .         Harm     .   (no ring)
rCorr    .         Rampage  .   (no ring)
Will     .....                  (no ring)
Stlth    ++........             (no ring)
HPRegen  0.09/turn              (no ring)
MPRegen  0.10/turn              (no ring)
                                (no ring)
                                (no ring)

@: spider-form (expiring), wereblooded
A: venomous fangs, almost no armour, (amphibious), 8 rings, tiny, (camouflage
1), (gelatinous body 1), (nimble swimmer 1), (tentacles)
a: End Transformation


You were on level 3 of the Dungeon.
You were a venomous arachnid creature.
You visited 1 branch of the dungeon, and saw 3 of its levels.

You collected 173 gold pieces.

Inventory:

Missiles
 f - a throwing net
Scrolls
 c - a scroll of enchant weapon {unknown}
 e - a scroll of enchant armour {unknown}
Potions
 a - a potion of curing {unknown}
 b - 2 potions of heal wounds {unknown}
 d - a potion of flight {unknown}


   Skills:
 - Level 1.0 Fighting
 - Level 2.0 Dodging
 - Level 4.0 Unarmed Combat
 - Level 2.0 Spellcasting
 + Level 3.4 Transmutations
 + Level 0.9 Poison Magic


You had one spell level left.
You knew the following spells:

 Your Spells              Type           Power      Damage    Failure   Level
a - Beastly Appendage     Tmut           24%        N/A       14%         1
b - Wereblood             Tmut           12%        N/A       21%         2
c - Spider Form           Tmut/Pois      4%         N/A       47%         3

Your spell library contained the following spells:

 Spells                   Type           Power      Damage    Failure   Level
 Ice Form                 Ice/Tmut       7%         N/A       87%         4


Dungeon Overview and Level Annotations

Branches:
Dungeon (3/15)

Altars:

Shops:
D:1 *


Innate Abilities, Weirdness & Mutations

You are a venomous arachnid creature.
You have poisonous fangs.
You are tiny and dextrous.
Your spellcasting is less reliable in this form.
Your armour is entirely melded.
You are incapable of wielding weapons or throwing items.
You cannot wear most types of armour.
((You are amphibious.))
You can wear up to eight rings at the same time.
((Your skin changes colour to match your surroundings (Stealth+).))
((Your rubbery body absorbs attacks. (AC +1, EV +1)))
((You are camouflaged near water. (Stealth+)))
((You have tentacles for arms and can constrict up to eight enemies at once.))


Message History

Magic restored.
Your transformation is almost over.
Found a stone staircase leading down.
Your tentacle spike disappears.
There is a stone staircase leading down here.
A gnoll comes into view. It is wielding a +0 spear.
One of your tentacles grows a vicious spike.
The gnoll shouts!
A gnoll comes into view. It is wielding a +0 flail.
An adder, a kobold and an ogre come into view.
Found a grey potion.
The ogre shouts!
The kobold shouts!
The gnoll shouts!
You hear a shout!
A bat comes into view.
A gnoll comes into view. It is wielding a +0 club.
The adder moves out of view.
The gnoll throws a throwing net.
The throwing net barely misses you.
You see here a throwing net.
There is a stone staircase leading down here.
Your transformation is almost over.
Your tentacle spike disappears.
Casting: Beastly Appendage (safe; 4% risk of failure)
Confirm with . or Enter, or press ? or * to list all spells.
Your blood is infused with primal strength.
Casting: Wereblood (safe; 8% risk of failure)
Confirm with . or Enter, or press ? or * to list all spells.
The spell is quite dangerous to cast (26% risk of failure)!
Continue anyway?
You turn into a venomous arachnid creature.
You hit the ogre.
The ogre is poisoned.
The ogre is lightly wounded.
Your transformation is almost over.
The ogre hits you with a +0 giant spiked club!!
Ouch! That really hurt!
You completely miss the ogre.
The ogre is lightly wounded.
The ogre closely misses you.
You bite the ogre!
The ogre is heavily wounded.
There is a stone staircase leading up here.
The ogre hits you with a +0 giant spiked club!
You die...

#.###.##.
........g ##.###(#
####.###.#
..........
#########>.#
........O#.#
##############.#.#
#sOg....##...#.#.#
#######.##.#.#.#..
#.##..O..###
#....##### ######


You could see an ogre (very poisoned) and a gnoll.

Vanquished Creatures
  A gnoll (D:1)
  An adder (D:2)
  A worm (D:2)
  A dart slug (D:2)
  5 endoplasms
  4 giant cockroaches
  6 goblins
  4 hobgoblins
  8 jackals (D:1)
  2 quokkas (D:1)
  2 ball pythons
  3 bats
  2 frilled lizards (D:1)
  3 kobolds (D:2)
  2 rats (D:2)
45 creatures vanquished.

Vanquished Creatures (others)
  8 fungi (D:1)
  3 toadstools (D:1)
11 creatures vanquished.

Grand Total: 56 creatures vanquished

Notes
Turn   | Place    | Note
-------+----------+-------------------------------------------
     0 | D:1      | mandarbmax the Octopode Transmuter began the quest for the
                  | Orb.
     0 | D:1      | Reached XP level 1. HP: 13/13 MP: 3/3
    39 | D:1      | Reached XP level 2. HP: 10/18 MP: 3/5
   331 | D:1      | Reached skill level 4 in Unarmed Combat
   334 | D:1      | Learned a level 2 spell: Wereblood
   681 | D:1      | Reached XP level 3. HP: 23/23 MP: 4/6
   740 | D:1      | Found Hate's General Store.
  1040 | D:1      | You fall into a shaft and drop 1 floor!
  1141 | D:2      | Learned a level 3 spell: Spider Form
  1372 | D:2      | Reached XP level 4. HP: 27/28 MP: 3/7
  2102 | D:1      | Found a faded altar of an unknown god.
  2672 | D:3      | Noticed an ogre
  2701 | D:3      | Slain by an ogre

Illustrated notes

Levels and vault maps discovered:
D:1:      nzn_arrival_crosshair, layout_basic, serial_shops, shop,
          hellmonk_ecumenical_altar_pennies_from_heaven,
          minmay_gold_behind_fungi
D:2:      layout_basic
D:3:      layout_basic, mainiacjoe_overflow_tiny_flanked, fedhas_altar_1,
          serial_shops, shop, minmay_diced_spiral, uniq_robin

Skill      XL: |  1  2  3 |
---------------+----------+-----
Unarmed Combat | 4 |  4.0
Transmutations | 3 |  3.4
Fighting       | |  1.0
Dodging        | |  2.0
Spellcasting   | |  2.0
Poison Magic   | |  0.9

Action                   |  1- 3 |  4- 6 || total
-------------------------+-------+-------++-------
Melee: Unarmed           |    72 |    45 ||   117
       Kick              |    18 |    10 ||    28
       Constrict         |    29 |     9 ||    38
       Tentacles         |    14 |     2 ||    16
       Punch             |     1 |     1 ||     2
 Cast: Beastly Appendage |    15 |    16 ||    31
       Wereblood         |     6 |     2 ||     8
       Spider Form       |       |     1 ||     1
 Stab: Sleeping          |     4 |     2 ||     6
Armor: Skin              |     4 |     2 ||     6
Dodge: Dodged            |    23 |    26 ||    49

Table legend: (Time is in decaauts)
 A = Elapsed time spent in this place.
 B = Non-inter-level travel time spent in this place.
 C = Inter-level travel time spent in this place.
 D = Time resting spent in this place.
 E = Time spent auto-exploring this place.
 F = Levels seen in this place.
 G = Mean time per level.
                   A        B        C        D        E       F      G
               +--------+--------+--------+--------+--------+-----+--------+
         Total |   2692 |   2631 |     61 |    729 |   1558 |   3 |  897.3 |
       Dungeon |   2692 |   2631 |     61 |    729 |   1558 |   3 |  897.3 |
               +--------+--------+--------+--------+--------+-----+--------+

Top non-repeatable levels by time:
     D:1: 1504 daAuts
     D:2: 1123 daAuts
     D:3: 65 daAuts
